Winsalmostnever, neutral male human Tourist ############## ---------- ------------------------------.-# # |........| |.....(.........................# # ------------ |........| #-(------|--------------..-----.|######...........| |.....<..| #|.|....|..|...|....|..+..|...|.|## |..........| |........-########-.|....|..|...|....|..|..-.....|######...........| |........| #|.-|------|...||------|).|...|.|# |..........| -----+---- #|@.q@@.|..|...|.|..|%.|.-.---|.|# |..........| ### #|.----.|..||---.|(.|%%|.|....|.|# #-..........| # #|.|..-.-|--..{..-|-|..|)-.._.|.|# ###------------ ### ###|.|..|.o.)o)..%.%%%-|--).....|.|# # # # |.|---|---.----|--......|....|.|#### ----.- # |.|..|.@.|.-).|..|-|---------|.|## |.....###### |.|..|(m(|.|..|..|....|#.|]%.-..## |....| # |.|@.|.((|.---|..|....|..|%!.|.|# |.....#######..-+------..{.---------|------.|# |.>..| #|..............................|# ------ #--------------------------------# ################################## Winsalmostnever the Excursionist Experience level: 6 Strength: 16 Dexterity: 12 Constitution: 15 Intelligence: 12 Wisdom: 13 Charisma: 16 Health: 0(70) Energy: 32(32) Def: 9 Gold: 1722 Moves: 3549 Dungeon seed: 3myuFY3JyOtLU3qI Game ID: Winsalmostnever_1708374880 Your Inventory: Coins $ - 1722 gold pieces Amulets J - an uncursed amulet of ESP named ESO (being worn) Weapons a - 28 uncursed +2 darts (in quiver) O - an uncursed +1 elven dagger (weapon in hand) Armor e - an uncursed +0 Hawaiian shirt (being worn) q - a blessed +1 chain mail (being worn) y - an uncursed +0 orcish helm (being worn) Y - a blessed +0 pair of iron shoes (being worn) Comestibles b - 6 uncursed food rations c - an uncursed clove of garlic I - an uncursed lizard corpse Scrolls R - a cursed scroll of light S - an uncursed scroll of confuse monster T - an uncursed scroll of food detection Spellbooks K - an uncursed spellbook of create familiar Potions g - a blessed potion of extra healing D - a cursed potion of gain energy G - an uncursed potion of full healing L - an uncursed potion of object detection Rings u - an uncursed ring of regeneration and hunger w - an uncursed ring of conflict named conflict Wands v - an uncursed wand of enlightenment (0:10) Tools j - an uncursed credit card k - an uncursed expensive camera (0:43) m - an uncursed magic marker (0:0) n - an uncursed tin opener o - an uncursed towel B - an uncursed magic whistle C - an uncursed oil lamp (0:1314) E - an uncursed skeleton key F - an uncursed mirror H - an uncursed magic lamp Spells and supernatural/magical abilities: Name Level Category Cost Memory p - protection 1 clerical 100pw 96% W - pray for help -- divine ? -- Your skills at the end: Fighting Skills wands [Basic] Weapon Skills dagger [Basic] dart [Skilled] Spellcasting Skills Final Attributes: You had transgressed. You were strongly telepathic. You were going to confuse monsters. You were unlucky. The Lady was noncommittal. You are dead. Vanquished creatures: a tourist 2 watchmen a lizard 2 wood nymphs 4 Uruk-hai a rock mole 6 gnome lords 6 gnomish wizards 2 golden naga hatchlings a baby crocodile a little dog 2 floating eyes a kitten 6 dwarves a kobold lord a kobold shaman 3 rothes 3 monkeys a werejackal 6 coyotes 2 hobbits a brown mold a yellow mold a red mold 26 gnomes a gnome zombie a gecko 4 jackals 2 kobolds 3 goblins 4 grid bugs 4 lichens 2 newts 103 creatures vanquished. Voluntary challenges: You used a wielded weapon 76 times, starting on turn 521. You read items or engraved 8 times, starting on turn 1088. You never genocided any monsters. You never polymorphed an object. You never changed form. You used no wishes. You never split a pudding. You never wrote Elbereth's name. You violated your moral code, losing 58 points of alignment, starting on turn 3493. Dungeon overview: The Dungeons of Doom: levels 1 to 5 Level 1 some fountains, a vault a long staircase Level 2 (mirror in shop) a hardware shop, a fountain, a vault Level 3 an altar to Blind Io, some sinks stairs to The Gnomish Mines Level 4 a potion shop, a fountain Level 5 The Gnomish Mines: levels 4 to 7 Level 4 stairs to The Dungeons of Doom Level 5 Level 6 Level 7 <- You were here many shops, a temple to Offler, some fountains, a sink History has recorded: On T:1 you entered the Dungeons of Doom to retrieve the Amulet of Yendor! On T:353 you reached level 2 of The Dungeons of Doom. On T:762 you reached level 3 of The Dungeons of Doom. On T:845 you advanced to experience level 2. On T:1085 you reached level 4 of The Dungeons of Doom. On T:1179 you advanced to experience level 3. On T:1433 you reached level 5 of The Dungeons of Doom. On T:1619 you reached level 1 of The Gnomish Mines. On T:1720 you advanced to experience level 4. On T:2235 you reached level 2 of The Gnomish Mines. On T:2274 you advanced to experience level 5. On T:2563 you reached level 3 of The Gnomish Mines. On T:3036 you reached level 4 of The Gnomish Mines. On T:3365 you advanced to experience level 6. Score breakdown: Gold: 1267 (10555 points) Experience: 6 levels (12456 points) Exploration: 7 levels ( 14.29%) (10606 points) Discoveries: 28 items ( 9.24%) ( 9119 points) Valuables value: (no points given unless you survive) Artifact value: 0 ( 0 points) Variety of kills: 33 monsters ( 8.68%) ( 8840 points) Turncount: 3549 turns ( -848 points) Survival: died (score multiplied by 80%) Total score: 40582 Latest messages: That food really hit the spot! You finish eating the food ration. [5 turns] Never mind. As you read the scroll, it disappears. A map coalesces in your mind! As you read the scroll, it disappears. A lit field surrounds you! It must be an uncursed scroll of light. As you read the scroll, it disappears. Your hands begin to glow red. (You can name a scroll labeled YUM YUM from the item naming menu.) The rothe hits! The rothe bites! (2x) The watchman wields a short sword! You miss the watchman. (2x) The rothe misses. (2x) The rothe bites! The watchman thrusts her short sword at you. The watchman hits! You die... Final status: Aloha Winsalmostnever the Tourist, killed by a watchman... You died in The Gnomish Mines on dungeon level 7 with 40582 points, and 1722 pieces of gold, after 3549 moves. You were level 6 with a maximum of 70 hit points when you died.